 Dungeon Crawl Stone Soup version 0.27-a0-1217-g8a41f320e8 (webtiles) character file.

Game seed: 16760855781736265283

1934 27snakeeyes612 the Cleaver (level 8, -3/71 HPs)
             Began as a Minotaur Fighter on June 6, 2021.
             Slain by a slime creature (17 damage)
             ... on level 6 of the Dungeon.
             The game lasted 00:04:22 (5505 turns).

27snakeeyes612 the Cleaver (Minotaur Fighter)       Turns: 5505, Time: 00:04:22

Health: -3/71      AC: 10    Str: 22    XL:     8   Next: 97%
Magic:  7/7        EV:  7    Int:  5    God:
Gold:   390        SH: 11    Dex: 17    Spells: 7/7 levels left

rFire    . . .     SeeInvis .   a - +0 war axe
rCold    . . .     Faith    .   c - +0 kite shield
rNeg     . . .     Spirit   .   j - +0 chain mail
rPois    .         Reflect  .   (helmet restricted)
rElec    .         Harm     .   (no cloak)
rCorr    .         Rampage  .   (no gloves)
Will     .....                  (no boots)
Stlth    ..........             (no amulet)
HPRegen  0.21/turn              d - +6 ring of dexterity
MPRegen  0.10/turn              (no ring)

@: hasted, very quick
A: horns 2, retaliatory headbutt
a: no special abilities


You were on level 6 of the Dungeon.
You visited 1 branch of the dungeon, and saw 7 of its levels.
You also visited: Sewer.

You collected 390 gold pieces.

Inventory:

Hand Weapons
 a - a +0 war axe (weapon)
Armour
 b - a +0 scale mail
 c - a +0 kite shield (worn)
 j - a +0 chain mail (worn)
Jewellery
 d - a +6 ring of dexterity (left hand)
Scrolls
 e - 2 scrolls of blinking {unknown}
 i - a scroll of fog {unknown}
 m - 4 scrolls of identify {unknown}
 p - 2 scrolls of enchant armour {unknown}
 r - 2 scrolls of teleportation {unknown}
 s - 2 scrolls of summoning {unknown}
 t - a scroll of magic mapping {unknown}
Potions
 f - a potion of haste
 g - 2 potions of ambrosia {unknown}
 h - a potion of magic {unknown}
 k - 4 potions of flight {unknown}
 l - 2 potions of curing {unknown}
 n - 2 potions of heal wounds {unknown}
 o - a potion of lignification {unknown}
 q - a potion of resistance {unknown}


   Skills:
 + Level 6.4 Fighting
 + Level 8.9 Axes
 + Level 7.7 Armour
 + Level 2.0 Dodging
 + Level 0.8 Stealth
 + Level 7.0 Shields


You had 7 spell levels left.
You didn't know any spells.
Your spell library contained the following spells:

 Spells                   Type           Power      Damage    Failure   Level
 Shock                    Conj/Air       0%         1d3       100%        1
 Static Discharge         Conj/Air       0%         N/A       100%        2
 Swiftness                Air            0%         N/A       100%        3
 Airstrike                Air            0%         N/A       100%        4
 Lightning Bolt           Conj/Air       0%         1d11      100%        5


Dungeon Overview and Level Annotations

Branches:
Dungeon (7/15)              Sewer (visited)
 Temple: D:4-7

Altars:
Vehumet

Shops:
D:1 *   D:3 *   D:4 !


Innate Abilities, Weirdness & Mutations

You have a pair of horns on your head.
You reflexively headbutt those who attack you in melee.


Message History

The slime creature hits you. You block the slime creature's attack.
You barely miss the slime creature.
The slime creature is lightly wounded.
You slash the slime creature! The slime creature closely misses you.
The slime creature hits you!
You hit the slime creature.
The slime creature is moderately wounded.
You hit the slime creature.
The slime creature hits you but does no damage.
You block the slime creature's attack.
Your shield and chain mail prevent you from hitting the slime creature.
The slime creature is moderately wounded.
You hit the slime creature. You block the slime creature's attack.
The slime creature hits you! The slime creature closely misses you.
You slash the slime creature!
You headbutt the slime creature, but do no damage.
The slime creature is moderately wounded.
You slash the slime creature! The slime creature hits you!
The slime creature hits you but does no damage.
The slime creature hits you!
* * * LOW HITPOINT WARNING * * *
You are too injured to fight recklessly!
You are too injured to fight recklessly!
You are too injured to fight recklessly!
You are too injured to fight recklessly!
You are too injured to fight recklessly!
You are too injured to fight recklessly!
You are too injured to fight recklessly!
You are too injured to fight recklessly!
You are too injured to fight recklessly!
You are too injured to fight recklessly!
You are too injured to fight recklessly!
You are too injured to fight recklessly!
The slime creature hits you but does no damage.
You block the slime creature's attack.
You climb upwards.
There is a stone staircase leading down here.
It was a potion of haste.
You feel yourself speed up. The slime creature hits you!
You die...

#.##.....#.............# #.#
#.##.##.##.##.....#.#######.#
#.##.##.#.#.#...............#
#.##.##..###......#.#########
#.##....## ##.....#.#
#.##.##..###.##>..#.#
#.##..#.#.#.###...#.# ##
#.###.#.##.####...#.########.
#.###......J@J...............
#.......#.#######...#########
#####..............##
##..[..########.# #....#.##
#.# #...###.#######.#
#....#.......##.#
##..#>######.##.####
#..#..............#


You could see 2 slime creatures.

Vanquished Creatures
  Prince Ribbit (D:6)
  A slime creature (D:7)
  A water moccasin (D:7)
  An orc warrior (D:6)
  A sky beast (D:7)
  An ice beast (D:6)
  A necrophage (D:6)
  A centaur (D:7)
  A phantom (D:6)
  A kobold brigand (Sewer)
  Blork the orc (D:4)
  A bullfrog (D:7)
  2 scorpions
  A water moccasin skeleton (D:6)
  A howler monkey (D:5)
  3 jellies
  A bullfrog skeleton (D:4)
  An orc priest (D:6)
  4 hounds
  A centaur skeleton (D:5)
  3 orc wizards
  A river rat (Sewer)
  8 adders
  2 white imps (D:5)
  2 ufetubi
  2 worms (D:2)
  3 dart slugs
  4 orcs
  3 bats
  3 endoplasms
  4 giant cockroaches
  6 goblins
  7 hobgoblins
  2 jackals (Sewer)
  7 kobolds
  6 quokkas
  2 ball pythons (D:1)
  4 frilled lizards
  10 rats
105 creatures vanquished.

Notes
Turn   | Place    | Note
-------+----------+-------------------------------------------
     0 | D:1      | 27snakeeyes612 the Minotaur Fighter began the quest for the
                  | Orb.
     0 | D:1      | Reached XP level 1. HP: 19/19 MP: 0/0
   264 | D:1      | Found Uqien's Assorted Antiques.
   300 | D:1      | Reached XP level 2. HP: 25/27 MP: 1/1
   764 | D:2      | Found a faded altar of an unknown god.
   816 | D:2      | Reached XP level 3. HP: 34/34 MP: 2/2
  1220 | D:2      | Reached skill level 3 in Axes
  1587 | D:3      | Reached XP level 4. HP: 40/41 MP: 3/3
  1646 | D:3      | Found a radiant altar of Vehumet.
  1685 | D:3      | Found Poloob's General Store.
  1959 | D:4      | Noticed a scorpion
  1965 | D:4      | Killed a scorpion
  2032 | D:4      | Reached XP level 5. HP: 15/47 MP: 4/4
  2078 | D:4      | Reached skill level 4 in Axes
  2276 | D:4      | Reached skill level 5 in Armour
  2278 | D:4      | Reached skill level 1 in Dodging
  2401 | D:4      | Noticed Blork the orc
  2408 | D:4      | Killed Blork the orc
  2409 | D:4      | Reached XP level 6. HP: 33/53 MP: 5/5
  2462 | D:4      | Reached skill level 5 in Axes
  2578 | D:4      | Found Nipa Abi's Distillery.
  2890 | D:5      | Entered Level 5 of the Dungeon
  2993 | D:5      | Reached skill level 6 in Axes
  3152 | D:5      | Found a glowing drain.
  3162 | Sewer    | Entered a sewer
  3273 | Sewer    | Reached skill level 5 in Fighting
  3273 | Sewer    | Reached skill level 5 in Shields
  3273 | Sewer    | Reached XP level 7. HP: 61/61 MP: 6/6
  3314 | Sewer    | Found a white marble altar of Elyvilon.
  3756 | D:6      | Noticed Prince Ribbit
  3787 | D:6      | Killed Prince Ribbit
  3788 | D:6      | Reached skill level 7 in Axes
  4061 | D:6      | Reached XP level 8. HP: 65/69 MP: 7/7
  4606 | D:6      | Reached skill level 8 in Axes
  5286 | D:7      | Noticed a slime creature
  5301 | D:7      | Killed a slime creature
  5302 | D:7      | Noticed a slime creature
  5302 | D:7      | Noticed a slime creature
  5505 | D:6      | Slain by a slime creature

Illustrated notes

Levels and vault maps discovered:
D:1:      amcnicky_arrival_choice, layout_loops_ring, serial_shops, shop,
          minmay_pentomino_r2
D:2:      layout_loops_cross, shapermc_ecumenical_altar_starsandcircs
D:3:      layout_loops_cross, lemuel_doored_altar, serial_shops,
          nicolae_shop_crystal
D:4:      layout_rooms, serial_shops, shop, uniq_blork_the_orc
D:5:      minmay_spotlight, layout_gridville, portal_sewer_entry_b,
          minmay_misc_feat_four_crosses, small_statue_intersection
D:6:      layout_loops_ring, uniq_prince_ribbit1
D:7:      layout_cave_pods, kennysheep_orc_sif_temple, minmay_temple_entry_mist,
          dk_vineyard_2, uniq_duvessa

Skill      XL: |  1  2  3  4  5  6  7  8 |
---------------+-------------------------+-----
Fighting       | 4 5 6 |  6.4
Shields        | 4 5 7 |  7.0
Armour         | 4 5 6 7 |  7.7
Axes           | 3 4 6 7 8 |  8.9
Dodging        | 1 2 |  2.0
Stealth        | |  0.8

Action                   |  1- 3 |  4- 6 |  7- 9 || total
-------------------------+-------+-------+-------++-------
Melee: War axe           |    86 |   116 |   154 ||   356
       Headbutt          |    12 |    16 |    28 ||    56
  Use: Potion            |       |       |     2 ||     2
Armor: Scale mail        |    25 |       |       ||    25
       Chain mail        |    23 |    72 |    69 ||   164
Dodge: Dodged            |    22 |    32 |    51 ||   105
Block: Kite shield       |    42 |    64 |   119 ||   225

Table legend: (Time is in decaauts)
 A = Elapsed time spent in this place.
 B = Non-inter-level travel time spent in this place.
 C = Inter-level travel time spent in this place.
 D = Time resting spent in this place.
 E = Time spent auto-exploring this place.
 F = Levels seen in this place.
 G = Mean time per level.
                   A        B        C        D        E       F      G
               +--------+--------+--------+--------+--------+-----+--------+
         Total |   5684 |   5530 |    154 |    480 |   4131 |   8 |  710.5 |
       Dungeon |   5450 |   5296 |    154 |    480 |   3970 |   7 |  778.6 |
         Sewer |    234 |    234 |      0 |      0 |    161 |   1 |  234.0 |
               +--------+--------+--------+--------+--------+-----+--------+

Top non-repeatable levels by time:
     D:6: 1292 daAuts
     D:4: 841 daAuts
     D:5: 769 daAuts
     D:1: 749 daAuts
     D:3: 719 daAuts
     D:2: 661 daAuts
     D:7: 416 daAuts
   Sewer: 234 daAuts
